 Dungeon Sprint DCSS version 0.17-a0-1570-g74b7129 (webtiles) character file.

1351 tt080 the Bewitcher (level 8, -1/31 HPs)
             Began as a Felid Enchanter on July 23, 2015.
             Slain by a trapdoor spider (12 damage)
             ... in the Dungeon (Sprint I: "Red Sonja").
             The game lasted 00:09:07 (3063 turns).

tt080 the Bewitcher (Felid Enchanter)               Turns: 3063, Time: 00:09:07

Health: -1/31      AC:  2    Str:  4    XL:     8   Next: 36%
Magic:  19/22      EV: 28    Int: 20    God:
Gold:   1055       SH:  0    Dex: 17    Spells: 3 memorised, 19 levels left
                                        Lives:  0   Deaths: 3

rFire  . . .     SeeInvis +       - Unarmed
rCold  . . .     Clarity  .     (armour unavailable)
rNeg   . . .     SustAt   .     (shield unavailable)
rPois  .         Gourm    .     (helmet unavailable)
rElec  .         Spirit   .     (cloak unavailable)
rCorr  .         Warding  .     (gloves unavailable)
rMut   .         NoTele   +     (boots unavailable)
MR     +....                    (no amulet)
Stlth  ++++++++..               (no ring)
                                (no ring)

@: lethally poisoned (-1 -> -13), quick, somewhat resistant to hostile
enchantments, extraordinarily stealthy
A: no armour, no weapons or thrown items, claws 1, fangs 3, see invisible,
carnivore 3, speed 1, shaggy fur 2, slow metabolism 1, sharp paws
a: no special abilities


You were in the Dungeon.
You were not hungry.

You visited 1 branch You collected 1055 gold pieces.

Inventory:

Scrolls
 d - a scroll of amnesia {unknown}
 e - a scroll of fog {unknown}
 g - a scroll of identify {unknown}
Potions
 f - 2 potions of magic
Books
 a - a book of Maledictions

   Spells                             Type                      Level
   a - Corona                         Hexes                        1
   b - Ensorcelled Hibernation        Hexes/Ice                    2
   c - Confuse                        Hexes                        3
   d - Tukima's Dance                 Hexes                        3
   e - Dazzling Spray                 Conjuration/Hexes            3
Comestibles
 b - a meat ration
 i - a beef jerky


   Skills:
 + Level 12.4 Dodging
 * Level 17.9 Stealth
 + Level 9.6 Unarmed Combat
 + Level 9.0 Spellcasting
 * Level 18.0 Hexes
 + Level 4.4 Ice Magic


You had 19 spell levels left.
You knew the following spells:

 Your Spells              Type           Power        Failure   Level  Hunger
a - Corona                Hex            ######.      0%          1    None
b - Ensorcelled Hibernat  Hex/Ice        ######       1%          2    None
c - Confuse               Hex            ######..     0%          3    None


Dungeon Overview and Level Annotations

Branches:
Dungeon (1/1)

Altars:
Cheibriados
Dithmenos
Elyvilon
Fedhas
Gozag
Kikubaaqudgha
Makhleb
Nemelex Xobeh
Okawaru
Qazlal
Ru
Sif Muna
Trog
Vehumet
Xom
Yredelemnul
Zin
The Shining One
Jiyva

Shops:
D *([

Annotations:
D exclusion: 4 doors


Innate Abilities, Weirdness & Mutations

You cannot wear armour.
You are incapable of wielding weapons or throwing items.
You have sharp claws.
You have razor-sharp teeth.
You have supernaturally acute eyesight.
You are carnivorous and can eat meat at any time.
You cover ground quickly.
You are covered in thick fur (AC +2).
You have a slow metabolism.
Your sharp claws are effective at attacking unaware monsters.


Message History

* * * LOW HITPOINT WARNING * * *
You are lethally poisoned!
The trapdoor spider poisons you! The trapdoor spider closely misses you.
* * * LOW HITPOINT WARNING * * *
You feel sick.
Casting: Ensorcelled Hibernation
Confirm with . or Enter, or press ? or * to list all spells.
Aiming: Ensorcelled Hibernation
Press: ? - help, Shift-Dir - straight line, f/p - trapdoor spider
Aim: a trapdoor spider (clinging, chance to defeat MR: 72%)
The trapdoor spider is unaffected.
* * * LOW HITPOINT WARNING * * *
You feel sick.
The trapdoor spider completely misses you.
You closely miss the trapdoor spider. The trapdoor spider misses you.
The trapdoor spider closely misses you.
You barely miss the trapdoor spider.
* * * LOW HITPOINT WARNING * * *
You feel sick. The trapdoor spider bites you!
You die...

####################
sss#.)+..#__#..'..)#
#s.'.[#..'^.'..#...#
##'#####'#__####)..ss.#
#..#...#.####§§#####s.+
####..##)#≈≈≈§§#..# +##
.__##'#..§≈≈§§§§..#
∩...'.(.§#≈≈§..#@.#
.._##_.#'##'#####s###
___###(#.#..§(###.'.#
######.####'###(###.#
....'...'.....'(∩##.#
'####.).###########.# G
###.###......J##J# .
#.#'#.#.......§'.# G
#.....#'''######.#


You could see a trapdoor spider.

Vanquished Creatures
  2 centaur warriors (D)
  Sonja (D)
  A deep troll (D)
  2 unseen horrors (D)
  An oklob plant (D)
  2 kobold demonologists (D)
  A slime creature (D)
  Sigmund (D)
  3 trapdoor spiders (D)
  A yak (D)
  A wasp (D)
  An ogre (D)
  2 necrophages (D)
  8 jellies (D)
  Ijyb (D)
  3 giant eyeballs (D)
  5 ballistomycetes (D)
36 creatures vanquished.

Vanquished Creatures (others)
  A gargoyle (D)
  4 wasps (D)
  2 ballistomycetes (D)
  5 giant spores (D)
12 creatures vanquished.

Grand Total: 48 creatures vanquished

Notes
Turn   | Place    | Note
--------------------------------------------------------------
     0 | D        | tt080 the Felid Enchanter began the quest for the Orb.
     0 | D        | Reached XP level 1. HP: 7/7 MP: 4/4
     1 | D        | Noticed Ijyb
    10 | D        | Killed Ijyb
    10 | D        | Reached skill level 6 in Stealth
    10 | D        | Reached XP level 2. HP: 11/11 MP: 4/6
    41 | D        | Noticed an ogre
    51 | D        | Killed an ogre
    51 | D        | Reached skill level 5 in Dodging
    51 | D        | Reached skill level 8 in Stealth
    51 | D        | Reached XP level 3. HP: 7/14 MP: 7/9
    51 | D        | Reached XP level 4. HP: 9/18 MP: 7/10
    60 | D        | Learned a level 2 spell: Ensorcelled Hibernation
    64 | D        | Learned a level 3 spell: Confuse
   226 | D        | Noticed Sigmund
   229 | D        | Killed Sigmund
   229 | D        | Reached skill level 10 in Stealth
   229 | D        | Reached skill level 10 in Hexes
   229 | D        | Reached XP level 5. HP: 21/21 MP: 10/12
   229 | D        | Gained mutation: You are covered in thick fur (AC +2). [Felid growth]
   229 | D        | Reached XP level 6. HP: 24/24 MP: 10/13
   243 | D        | Found a snail-covered altar of Cheibriados.
   243 | D        | Found a viscous altar of Jiyva.
   243 | D        | Found a shadowy altar of Dithmenos.
   243 | D        | Found a blossoming altar of Fedhas.
   243 | D        | Noticed a slime creature
   286 | D        | Killed a slime creature
   286 | D        | Reached skill level 11 in Stealth
   286 | D        | Reached skill level 5 in Unarmed Combat
   286 | D        | Reached skill level 5 in Spellcasting
   531 | D        | Found a deep blue altar of Sif Muna.
   532 | D        | Noticed a jelly
   533 | D        | Found a radiant altar of Vehumet.
   537 | D        | Killed a jelly
   552 | D        | Found Soikikla's Weapon Emporium.
   552 | D        | Found a white marble altar of Elyvilon.
   552 | D        | Found a stormy altar of Qazlal.
   552 | D        | Found a basalt altar of Yredelemnul.
   552 | D        | Found an iron altar of Okawaru.
   552 | D        | Found a sparkling altar of Nemelex Xobeh.
   552 | D        | Found a shimmering altar of Xom.
   552 | D        | Found an ancient bone altar of Kikubaaqudgha.
   552 | D        | Noticed a yak
   553 | D        | Found a burning altar of Makhleb.
   553 | D        | Found a sacrificial altar of Ru.
   553 | D        | Found a glowing golden altar of the Shining One.
   553 | D        | Found an opulent altar of Gozag.
   553 | D        | Found a glowing silver altar of Zin.
   554 | D        | Killed a yak
   554 | D        | Reached skill level 12 in Stealth
   554 | D        | Reached XP level 7. HP: 27/27 MP: 16/16
   555 | D        | Found a bloodstained altar of Trog.
   580 | D        | Noticed Sonja
   587 | D        | Killed Sonja
   587 | D        | Reached skill level 13 in Stealth
   587 | D        | Reached XP level 8. HP: 16/31 MP: 13/18
   703 | D        | Found Kyhoat's Assorted Antiques.
   726 | D        | Noticed a centaur warrior
   726 | D        | Noticed a centaur warrior
   843 | D        | Killed a centaur warrior
   843 | D        | Reached skill level 10 in Dodging
   843 | D        | Reached skill level 14 in Stealth
   843 | D        | Reached skill level 15 in Hexes
   931 | D        | Noticed a deep troll
   947 | D        | Killed a deep troll
   947 | D        | Reached skill level 15 in Stealth
   947 | D        | Reached XP level 9. HP: 14/34 MP: 15/21
  1167 | D        | Shot with an arrow of flame by a centaur warrior
  1168 | D        | Reached XP level 8. HP: -1/31 MP: 19/20
  1238 | D        | Noticed a shining eye
  1288 | D        | Noticed a shining eye
  1288 | D        | Noticed a shining eye
  1289 | D        | Noticed a shining eye
  1299 | D        | Found Ydiupon's Armour Emporium.
  1326 | D        | Noticed a wasp
  1328 | D        | Killed a centaur warrior
  1328 | D        | Reached skill level 16 in Stealth
  1330 | D        | HP: 1/31 [wasp (11)]
  1337 | D        | Killed a wasp
  1339 | D        | Noticed an oklob plant
  1386 | D        | Noticed a jelly
  1388 | D        | Killed a jelly
  1388 | D        | Reached XP level 9. HP: 16/34 MP: 16/22
  1942 | D        | Killed a wasp
  1947 | D        | Killed an oklob plant
  1977 | D        | Noticed a trapdoor spider
  1978 | D        | Killed a trapdoor spider
  2292 | D        | Noticed a trapdoor spider
  2294 | D        | Killed a trapdoor spider
  2311 | D        | Noticed a trapdoor spider
  2312 | D        | Killed a trapdoor spider
  2312 | D        | Reached skill level 17 in Hexes
  2313 | D        | Noticed a jelly
  2313 | D        | Noticed a jelly
  2315 | D        | Noticed a jelly
  2315 | D        | Noticed a jelly
  2315 | D        | Noticed a jelly
  2315 | D        | Noticed a jelly
  2317 | D        | Noticed an unseen horror
  2317 | D        | Noticed a necrophage
  2318 | D        | Noticed an unseen horror
  2318 | D        | Noticed a necrophage
  2318 | D        | Noticed a necrophage
  2319 | D        | Noticed a necrophage
  2319 | D        | Noticed a necrophage
  2320 | D        | Killed a jelly
  2321 | D        | Killed a jelly
  2328 | D        | Noticed a trapdoor spider
  2333 | D        | Killed an unseen horror
  2337 | D        | Killed an unseen horror
  2350 | D        | Killed a jelly
  2350 | D        | Reached XP level 10. HP: 11/37 MP: 12/23
  2353 | D        | Killed a jelly
  2362 | D        | Killed a necrophage
  2387 | D        | Killed a jelly
  2478 | D        | Killed a gargoyle
  2495 | D        | Killed a wasp
  2667 | D        | Killed a necrophage
  2691 | D        | Slain by a trapdoor spider
  2692 | D        | Reached XP level 9. HP: -2/34 MP: 3/22
  2761 | D        | Killed a wasp
  2838 | D        | Killed a wasp
  2983 | D        | Noticed a kobold demonologist
  2984 | D        | Noticed a kobold demonologist
  2986 | D        | Killed a kobold demonologist
  2988 | D        | Killed a kobold demonologist
  2988 | D        | Reached skill level 18 in Hexes
  2992 | D        | Noticed a demonic crawler
  2992 | D        | Noticed a demonic crawler
  2992 | D        | Noticed a demonic crawler
  2992 | D        | Noticed a demonic crawler
  3015 | D        | Mangled by a demonic crawler
  3016 | D        | Reached XP level 8. HP: -8/31 MP: 13/22
  3030 | D        | Killed a jelly
  3063 | D        | Slain by a trapdoor spider

Vault maps used:
D:        dungeon_sprint_1

Action                   |  1- 3 |  4- 6 |  7- 9 | 10-12 || total
-------------------------+-------+-------+-------+-------++-------
Melee: Unarmed           |    10 |     5 |    50 |    16 ||    81
 Cast: Ensorcelled Hiber |       |     5 |    33 |    14 ||    52
       Confuse           |       |       |     9 |     3 ||    12
  Use: Potion            |     2 |       |     4 |       ||     6
       Scroll            |       |       |     1 |       ||     1
 Stab: Sleeping          |     2 |     5 |    20 |     2 ||    29
       Confused          |       |       |     3 |       ||     3
